 Dungeon Crawl Stone Soup version 0.19.1 (webtiles) character file.

534 Ladykiller69 the Conjurer (level 7, -6/36 HPs)
             Began as a Deep Elf Conjurer on Dec 10, 2016.
             Was an Initiate of Vehumet.
             Mangled by an unseen horror (8 damage)
             ... on level 6 of the Dungeon.
             The game lasted 00:16:44 (5198 turns).

Ladykiller69 the Conjurer (Deep Elf Conjurer)       Turns: 5198, Time: 00:16:45

Health: -6/36      AC:  2    Str:  5    XL:     7   Next: 4%
Magic:  18/18      EV: 13    Int: 22    God:    Vehumet [......]
Gold:   415        SH:  0    Dex: 15    Spells: 4 memorised, 6 levels left

rFire  . . .     SeeInvis .     (no weapon)
rCold  . . .     Gourm    .     a - +0 robe
rNeg   . . .     Faith    +     (no shield)
rPois  .         Spirit   .     (no helmet)
rElec  .         Reflect  .     (no cloak)
rCorr  .         Harm     .     (no gloves)
MR     .....                    (no boots)
Stlth  ++........               B - amulet of faith
                                (no ring)
                                J - ring of flight

@: no status effects
A: no striking features
a: Renounce Religion, Evoke Flight


You were on level 6 of the Dungeon.
You worshipped Vehumet.
Vehumet was noncommittal.
You were not hungry.

You visited 2 branches of the dungeon, and saw 7 of its levels.

You collected 415 gold pieces.

Inventory:

Hand Weapons
 H - a +0 short sword of venom
Armour
 a - a +0 robe (worn)
 z - a +0 shield
Jewellery
 B - an amulet of faith (around neck)
 J - a ring of flight (left hand)
Wands
 s - a wand of lightning (5/15)
 x - a wand of slowing (33/48)
 A - a wand of confusion (21/48)
 E - a wand of slowing (27/48)
Scrolls
 e - 2 scrolls of enchant weapon {unknown}
 f - 5 scrolls of identify {unknown}
 h - 2 scrolls of recharging {unknown}
 l - 3 scrolls of magic mapping {unknown}
 n - 2 scrolls of teleportation {unknown}
 o - 2 scrolls of amnesia {unknown}
 r - 6 scrolls of remove curse {unknown}
 t - a scroll of blinking {unknown}
 v - 2 scrolls of fear {unknown}
 y - a scroll of random uselessness {unknown}
 I - a scroll of fog {unknown}
Potions
 d - a potion of lignification {unknown}
 g - a potion of ambrosia {unknown}
 k - 3 potions of curing {unknown}
 m - a potion of haste {unknown}
 p - a potion of agility {unknown}
 q - a potion of cancellation {unknown}
 u - a potion of might {unknown}
 w - 2 potions of brilliance {unknown}
 C - a potion of invisibility {unknown}
 G - a potion of mutation {unknown}
Books
 b - a book of Conjurations

   Spells                             Type                      Level
   a - Magic Dart                     Conjuration                  1
   b - Searing Ray                    Conjuration                  2
   c - Dazzling Spray                 Conjuration/Hexes            3
   d - Fulminant Prism                Conjuration/Hexes            4
   e - Iskenderun's Mystic Blast      Conjuration                  4
   f - Iskenderun's Battlesphere      Conjuration/Charms           5
 D - a book of Cantrips

   Spells                             Type                      Level
   a - Confusing Touch                Hexes                        1
   b - Animate Skeleton               Necromancy                   1
   c - Summon Small Mammal            Summoning                    1
   d - Apportation                    Translocation                1
Comestibles
 c - 7 bread rations
 i - 3 slices of pizza
 j - 3 fruits
 F - a meat ration


   Skills:
 - Level 3.0 Dodging
 - Level 3.0 Stealth
 - Level 6.0 Spellcasting
 + Level 6.7 Conjurations
 + Level 4.5 Hexes


You had 6 spell levels left.
You knew the following spells:

 Your Spells              Type           Power        Failure   Level  Hunger
a - Magic Dart            Conj           ####         1%          1    None
b - Dazzling Spray        Conj/Hex       ####..       2%          3    #......
c - Iskenderun's Mystic   Conj           #####...     8%          4    ###....
d - Fulminant Prism       Conj/Hex       ####......   12%         4    ###....


Dungeon Overview and Level Annotations

Branches:
Dungeon (6/15)             Temple (1/1) D:4

Altars:
Ashenzari
Elyvilon
Kikubaaqudgha
Okawaru
Ru
Trog
Uskayaw
Vehumet
Xom
Yredelemnul
Zin
The Shining One

Annotations:
D:5 exclusion: sky beast
D:6 exclusions: electric eel and 3 jackals


Message History

Here: an electric eel (water, resting) Some deep water.
Placed new exclusion.
There is an open door here.
You open the door.
There is an open door here.
There is an open door here.
Deactivating autopickup; reactivate with Ctrl-A.
You hit something but do no damage. Something hits you!
Something hits you but does no damage. Something hits you!
Something hits you. x2
* * * LOW HITPOINT WARNING * * *
Something barely misses you.
There is an open door here.
Something hits you.
* * * LOW HITPOINT WARNING * * *
You close the door.
Something hits you.
* * * LOW HITPOINT WARNING * * *
Something hits you!
You die...

############
#<.......... ########
############
####......########
................>#
#########
###.......######+#####
#........ #.......#
#.......# #.#######
#.......# #..@....#
#.# #..(....#
#.......# #.#
#.......# #.....(.#
#.# #.......#
#.......# #.#
#.......#
#.......####.#
#.......#
#.......+...[#
..##.......###..#
............# #..#
.##≈≈.......# #..#


There were no monsters in sight!

Vanquished Creatures
  Blork the orc (D:5)
  A scorpion (D:6)
  A howler monkey (D:5)
  2 crimson imps
  A bullfrog skeleton (D:5)
  2 hounds (D:5)
  2 jellies
  A worker ant (D:6)
  A hound skeleton (D:5)
  4 adders
  An ooze (D:3)
  An adder zombie (D:6)
  3 worms
  3 dart slugs
  2 leopard geckos (D:3)
  2 orcs (D:3)
  4 giant cockroaches
  8 goblins
  8 hobgoblins
  4 jackals (D:1)
  A quokka (D:2)
  2 ball pythons
  10 bats
  5 frilled lizards
  6 kobolds
  10 rats
86 creatures vanquished.

Notes
Turn   | Place    | Note
-------+----------+-------------------------------------------
     0 | D:1      | Ladykiller69 the Deep Elf Conjurer began the quest for the Orb.
     0 | D:1      | Reached XP level 1. HP: 10/10 MP: 6/6
   193 | D:1      | Reached XP level 2. HP: 13/15 MP: 5/8
   582 | D:1      | Reached XP level 3. HP: 19/19 MP: 1/10
   953 | D:2      | Learned a level 3 spell: Dazzling Spray
  1094 | D:2      | Reached skill level 5 in Conjurations
  1210 | D:2      | Found a faded altar of an unknown god.
  1433 | D:2      | Found a glowing silver altar of Zin.
  1604 | D:2      | Reached XP level 4. HP: 24/24 MP: 6/12
  1610 | D:2      | Learned a level 4 spell: Iskenderun's Mystic Blast
  1890 | D:3      | Found a hide-covered altar of Uskayaw.
  2110 | D:3      | Found an ancient bone altar of Kikubaaqudgha.
  2350 | D:3      | Reached skill level 1 in Hexes
  2490 | D:3      | Found a bloodstained altar of Trog.
  2797 | D:4      | Found a staircase to the Ecumenical Temple.
  2801 | Temple   | Entered the Ecumenical Temple
  2855 | Temple   | Became a worshipper of Vehumet
  3142 | D:4      | Found a glowing golden altar of the Shining One.
  3430 | D:5      | Entered Level 5 of the Dungeon
  3497 | D:5      | Found a white marble altar of Elyvilon.
  3609 | D:5      | Noticed a sky beast
  3624 | D:5      | Noticed Blork the orc
  3669 | D:5      | Reached XP level 5. HP: 28/28 MP: 9/14
  3697 | D:5      | Learned a level 4 spell: Fulminant Prism
  3822 | D:5      | Reached skill level 5 in Spellcasting
  4193 | D:5      | Killed Blork the orc
  4193 | D:5      | Reached XP level 6. HP: 24/32 MP: 4/16
  4980 | D:6      | Reached XP level 7. HP: 28/36 MP: 9/18
  5198 | D:6      | Mangled by an unseen horror

Skill      XL: |  1  2  3  4  5  6 |
---------------+-------------------+-----
Stealth        | 3 |  3.0
Dodging        | 3 |  3.0
Conjurations   | 5 6 |  6.7
Spellcasting   | 4 5 6 |  6.0
Hexes          | 1 3 4 |  4.5

Action                   |  1- 3 |  4- 6 |  7- 9 || total
-------------------------+-------+-------+-------++-------
Melee: Unarmed           |       |       |     1 ||     1
 Cast: Magic Dart        |   103 |   124 |     1 ||   228
       Dazzling Spray    |       |     2 |       ||     2
  Eat: Chunk             |     2 |     9 |       ||    11
       Bread ration      |       |       |     1 ||     1
Armor: Robe              |     1 |     1 |     1 ||     3
Dodge: Dodged            |     5 |    14 |     1 ||    20
